 Dungeon Crawl Stone Soup version 0.29.1-15-g9cfb28693d (webtiles) character file.

Game seed: 14282972693949430354

2142 Labrat the Geomancer (level 9, -3/71 (74) HPs)
             Began as a Meteoran Earth Elementalist on Sept 7, 2023.
             Slain by a water moccasin zombie (5 damage)
             ... on level 6 of the Dungeon.
             The game lasted 00:26:24 (2596 turns).

Labrat the Geomancer (Meteoran Earth Elementalist)  Turns: 2596, Time: 00:26:25

HP:   -3/71 (74)    AC:  6    Str: 10    XL:     9   Next: 86%
MP:   12/31         EV: 13    Int: 21    God:
Gold: 331           SH:  7    Dex: 15    Spells: 21/24 levels left

rFire   . . .      SeeInvis .   (no weapon)
rCold   . . .      Faith    .   e - +2 buckler
rNeg    . . .      Spirit   .   a - +0 robe
rPois   .          Reflect  .   (no helmet)
rElec   .          Harm     .   w - +2 cloak
rCorr   .          Rampage  .   l - +0 pair of gloves
Will    +....                   (no boots)
Stlth   +.........              (no amulet)
HPRegen 0.21/turn               u - ring of magical power
MPRegen 0.22/turn               (no ring)

@: very slightly contaminated, glowing, lightly drained
A: sense surroundings 2, otherworldly, glowing, explore regen
a: no special abilities


You were on level 6 of the Dungeon.
You visited 1 branch of the dungeon, and saw 7 of its levels.

You collected 331 gold pieces.

Inventory:

Armour
 a - a +0 robe (worn)
 e - a +2 buckler (worn)
 l - a +0 pair of gloves (worn)
 w - a +2 cloak (worn)
 x - the +1 leather armour of Morality {rF+ Will- Int+5 Dex-5}
   (You found it on level 5 of the Dungeon)

   Int:       It affects your intelligence (+5).
   Dex:       It affects your dexterity (-5).
   rF:        It protects you from fire.
   Will:      It decreases your willpower.
Jewellery
 u - a ring of magical power (left hand)
 y - an amulet of faith
Wands
 s - a wand of roots (3)
 B - a wand of polymorph (7)
 C - a wand of charming (11)
Scrolls
 d - 3 scrolls of immolation {unknown}
 f - a scroll of poison {unknown}
 h - 4 scrolls of teleportation {unknown}
 j - 3 scrolls of enchant armour {unknown}
 m - 5 scrolls of identify {unknown}
 n - 3 scrolls of vulnerability {unknown}
 o - 2 scrolls of fog {unknown}
 q - a scroll of summoning {unknown}
 t - a scroll of blinking {unknown}
 v - a scroll of noise {unknown}
 D - a scroll of fear {unknown}
Potions
 b - 4 potions of magic
 c - 2 potions of resistance {unknown}
 g - 2 potions of heal wounds {unknown}
 i - a potion of attraction {unknown}
 k - 3 potions of curing {unknown}
 p - 4 potions of flight {unknown}
 r - a potion of haste {unknown}
 z - 2 potions of might {unknown}
 A - a potion of degeneration {unknown}
 E - 2 potions of berserk rage {unknown}


   Skills:
 + Level 5.1 Fighting
 - Level 3.0 Armour
 - Level 5.0 Dodging
 - Level 1.4 Stealth
 - Level 5.0 Shields
 - Level 8.0 Spellcasting
 - Level 3.0 Transmutations
 - Level 8.0 Earth Magic


You had 21 spell levels left.
You knew the following spells:

 Your Spells              Type           Power      Damage    Failure   Level
a - Sandblast             Erth           84%        2d18      1%          1
b - Passwall              Tmut/Erth      25%        N/A       1%          2

Your spell library contained the following spells:

 Spells                   Type           Power      Damage    Failure   Level
 Stone Arrow              Conj/Erth      50%        3d10      6%          3
 Necrotise                Necr           32%        1d5       10%         1
 Petrify                  Tmut/Erth      31%        N/A       11%         4
 Static Discharge         Conj/Air       8%         3-4/arc   16%         2
 Leda's Liquefaction      Hex/Erth       12%        N/A       19%         4
 Call Canine Familiar     Summ           8%         N/A       30%         3
 Portal Projectile        Hex/Tloc       16%        N/A       30%         3
 Vampiric Draining        Necr           8%         2d6       30%         3
 Agony                    Necr           8%         N/A       95%         5
 Lightning Bolt           Conj/Air       4%         1d15      95%         5
 Maxwell's Capacitive Co  Air            4%         ∞         100%        8


Dungeon Overview and Level Annotations

Branches:
Dungeon (7/15) Zot: 1480   Temple (0/1) D:6

Altars:
Dithmenos
Ru
Sif Muna
Uskayaw
Yredelemnul


Innate Abilities, Weirdness & Mutations

You passively map the area around you.
You are easily found by Zot.
You glow in the dark.
You regain HP and MP as you explore.


Message History

Unknown command.
Casting: Sandblast (safe; 1% risk of failure)
Confirm with . or Enter, or press ? or * to list all spells.
Aiming: Sandblast (safe; 1% risk of failure)
Press: ? - help, Shift-Dir - straight line, f/p - wight
Aim: a wight, wielding a +4 mace and wearing a +0 robe (almost destroyed, 85% to hit)
The blast of sand misses the wight.
The grasping roots constrict the water moccasin zombie.
The grasping roots constrict the wight!
The roots release their grip on the water moccasin zombie.
The roots release their grip on the wight.
You block the water moccasin zombie's attack. x2
The wight splashes around in the water.
Unknown command.
Casting: Sandblast (safe; 1% risk of failure)
Confirm with . or Enter, or press ? or * to list all spells.
Aiming: Sandblast (safe; 1% risk of failure)
Press: ? - help, Shift-Dir - straight line, f/p - wight
Aim: a wight, wielding a +4 mace and wearing a +0 robe (almost destroyed, 85% to hit)
The blast of sand hits the wight.
You destroy the wight!
You hear a splash. x2
You block the wight's attack. The water moccasin zombie bites you.
* * * LOW HITPOINT WARNING * * *
The wight barely misses you.
You block the water moccasin zombie's attack.
Training target 8.0 for Earth Magic reached!
Training target 8.0 for Spellcasting reached!
Your Spellcasting skill increases to level 8!
Your Earth Magic skill increases to level 8!
You need to enable at least one skill for training.
Casting: Sandblast (safe; 1% risk of failure)
Confirm with . or Enter, or press ? or * to list all spells.
Aiming: Sandblast (safe; 1% risk of failure)
Press: ? - help, Shift-Dir - straight line, f - wight
Aim: a wight, wielding a +0 war axe and wearing a +0 robe (severely damaged, 85% to hit)
The blast of sand hits the wight.
The wight is severely damaged.
The water moccasin zombie bites you.
You die...

* ~ ~ ~~~ #......# ~ ~
#.#....# * , ~ #....### *
** ### #.#### #.# #.# #.#
#.# #.# #.#
################.#####.#
*
#.)....)..)z@P##.....>.#
. *
#.#####..≈~Z§.##..######
.Z###.###....~~§§P##..#
Yzg..@.......≈§~~P§#..#
z####.###....~.~§§§...#*
* *
............~§§.##.......
, ,*
#..........#.###.######*
* **#!##.............#
,,..###....###.##### *


You could see a wight and a water moccasin zombie.

Vanquished Creatures
  Eustachio (D:6)
  The ghost of enPassant the Digger, an amateur MeEE (D:5)
  Menkaure (D:5)
  2 ice beasts (D:6)
  A black bear (D:5)
  An ogre (D:5)
  6 phantoms
  A bullfrog (D:6)
  2 scorpions
  A water moccasin zombie (D:6)
  3 wights (D:6)
  The ghost of enPassant the Digger, a weakling MeEE (D:3)
  2 hounds (D:5)
  A centaur zombie (D:6)
  A jelly (D:5)
  2 bullfrog skeletons (D:6)
  A bullfrog zombie (D:6)
  A gnoll bouda (D:6)
  Terence (D:3)
  2 iguanas
  A killer bee zombie (D:6)
  3 gnolls (D:6)
  A howler monkey skeleton (D:6)
  4 adders
  A shadow imp (D:5)
  An ufetubus (D:5)
  A worm (D:2)
  2 dart slugs
  16 orcs
  3 bats
  4 endoplasms
  3 giant cockroaches
  10 goblins
  7 hobgoblins
  9 jackals
  5 kobolds
  3 quokkas
  8 ball pythons
  2 frilled lizards (D:2)
  4 rats
120 creatures vanquished.

Vanquished Creatures (others)
  16 withered plants
16 creatures vanquished.

Grand Total: 136 creatures vanquished

Notes
Turn   | Place    | Note
-------+----------+-------------------------------------------
     0 | D:1      | Labrat the Meteoran Earth Elementalist began the quest for
                  | the Orb.
     0 | D:1      | Reached XP level 1. HP: 14/14 MP: 5/5
    71 | D:2      | Reached XP level 2. HP: 9/20 MP: 0/6
    76 | D:2      | HP: 1/20 [jackal (1)]
   217 | D:2      | Learned a level 2 spell: Passwall
   325 | D:2      | Reached XP level 3. HP: 26/26 MP: 6/8
   411 | D:2      | Found a faded altar of an unknown god.
   675 | D:1      | Reached XP level 4. HP: 33/33 MP: 7/10
   870 | D:3      | Found a runed translucent gate.
   870 | D:3      | Found a runed translucent gate.
   870 | D:3      | Found a runed translucent gate.
   872 | D:3      | Noticed enPassant's ghost (weakling MeEE)
   879 | D:3      | Killed enPassant's ghost
   880 | D:3      | Reached XP level 5. HP: 35/38 MP: 6/12
  1168 | D:3      | Noticed Terence
  1179 | D:3      | Killed Terence
  1180 | D:3      | Reached skill level 5 in Earth Magic
  1425 | D:5      | Entered Level 5 of the Dungeon
  1425 | D:5      | Noticed Menkaure
  1427 | D:5      | Killed Menkaure
  1428 | D:5      | Reached skill level 5 in Spellcasting
  1428 | D:5      | Reached skill level 1 in Fighting
  1428 | D:5      | Reached skill level 1 in Armour
  1428 | D:5      | Reached skill level 1 in Shields
  1428 | D:5      | Reached XP level 6. HP: 25/47 MP: 14/14
  1454 | D:5      | Reached XP level 7. HP: 35/53 MP: 15/15
  1589 | D:5      | Reached XP level 8. HP: 47/62 MP: 16/16
  1601 | D:5      | Identified the +1 leather armour of Morality {rF+ Will-
                  | Int+5 Dex-5}
  1736 | D:5      | Found a runed translucent door.
  1738 | D:5      | Noticed enPassant's ghost (amateur MeEE)
  1751 | D:5      | Killed enPassant's ghost
  1752 | D:5      | Reached skill level 5 in Dodging
  2191 | D:6      | Reached skill level 5 in Shields
  2195 | D:5      | Found a hide-covered altar of Uskayaw.
  2195 | D:5      | Found a shadowy altar of Dithmenos.
  2195 | D:5      | Found a shimmering blue altar of Sif Muna.
  2195 | D:5      | Found a sacrificial altar of Ru.
  2198 | D:5      | Found a basalt altar of Yredelemnul.
  2463 | D:6      | Reached skill level 5 in Fighting
  2468 | D:6      | Gained mutation: You passively map the area around you.
                  | [Meteoran growth]
  2468 | D:6      | Reached XP level 9. HP: 72/74 MP: 18/18
  2564 | D:6      | Noticed Eustachio
  2572 | D:6      | Killed Eustachio
  2593 | D:6      | HP: 2/70 [water moccasin zombie (3)]
  2596 | D:6      | Slain by a water moccasin zombie

Illustrated notes

Levels and vault maps discovered:
D:1:      wander_arrival_chamber, layout_rooms
D:2:      layout_basic, shapermc_ecumenical_altar_totnotflames,
          minmay_hedge_maze, roderic_serpentine_path, minmay_misc_feat_iff
D:3:      layout_loops_cross, ebering_ghost_rock_garden, uniq_terence
D:4:      layout_basic, minmay_misc_feat_secret_circle
D:5:      layout_basic, nicolae_overflow_hidden_temple, gammafunk_ghost_grave,
          uniq_menkaure
D:6:      layout_loops_ring, okawaru_trees_1, temple_hall_moat, serial_undead,
          serial_undead_c, serial_undead_e, serial_undead_a, serial_undead_e,
          serial_undead_e, serial_undead_f, serial_undead_b, serial_undead_f,
          serial_undead_b, serial_undead_c, feat_on_display, uniq_eustachio,
          uniq_prince_ribbit1
D:7:      layout_loops_corners, uniq_pikel

Skill      XL: |  1  2  3  4  5  6  7  8  9 |
---------------+----------------------------+-----
Spellcasting   | 3 4 5 8 |  8.0
Transmutations | 2 3 |  3.0
Earth Magic    | 4 5 8 |  8.0
Fighting       | 1 2 5 |  5.1
Armour         | 1 3 |  3.0
Dodging        | 3 4 5 |  5.0
Shields        | 1 3 5 |  5.0
Stealth        | |  1.4

Action                   |  1- 3 |  4- 6 |  7- 9 || total
-------------------------+-------+-------+-------++-------
Melee: Unarmed           |    18 |       |       ||    18
 Cast: Sandblast         |    41 |    65 |   138 ||   244
       Passwall          |     3 |     9 |    15 ||    27
Evoke: Wand              |       |       |     4 ||     4
Armor: Robe              |    14 |    14 |    26 ||    54
Dodge: Dodged            |    15 |    22 |    47 ||    84
Block: Buckler           |       |       |    36 ||    36
